 Dungeon Crawl Stone Soup version 0.31-a0-986-g5e6e4ef867 (webtiles) character file.

Game seed: 8717692385435422877

152618 Firecrotchwizard the Warrior (level 17, -8/172 HPs)
             Began as a Hill Orc Monk on Nov 4, 2023.
             Was the Champion of Beogh.
             Mangled by a demonic crawler (9 damage)
             ... on level 1 of the Spider Nest.
             The game lasted 01:58:31 (39412 turns).

Firecrotchwizard the Warrior (Hill Orc Monk)       Turns: 39412, Time: 01:58:32

Health: -8/172     AC: 27    Str: 20 (22) XL:     17   Next: 29%
Magic:  30/30      EV: 12    Int:  9 (10) God:    Beogh [******]
Gold:   3015       SH: 16    Dex: 12 (13) Spells: 16/16 levels left

rFire   . . .        o - +8 broad axe (venom)
rCold   . . .        L - +0 kite shield {reflect}
rNeg    . . .        j - +2 chain mail {rPois}
rPois   +            M - +2 hat {Will+}
rElec   .            X - +1 cloak of Starlight {*Dazzle EV+4 Stlth--}
rCorr   +            l - +2 pair of gloves
SInv    .            J - +2 pair of boots {rampage}
Will    ++...        m - amulet of reflection Stlth
                     d - ring of resist corrosion
HPRegen 0.48/turn    s - ring of poison resistance
MPRegen 0.22/turn

%: reflection, rampage
@: about to teleport, marked
A: walk on water
}: 1/15 runes: decaying
a: Renounce Religion, Smiting, Recall Orcish Followers, Give Item to Named
Follower, Resurrection


You were on level 1 of the Spider Nest.
You worshipped Beogh.
Beogh was exalted by your worship.
You visited 5 branches of the dungeon, and saw 27 of its levels.
You also visited: Ossuary and Bailey.

You collected 3610 gold pieces.
You spent 595 gold pieces at shops.

Inventory:

Hand Weapons
 o - a +8 broad axe of venom (weapon)
 G - a +2 war axe of draining
 H - the +5 whip "Zisikih" {vamp, rPois rCorr Str+2 Dex-2}
   (You found it on level 7 of the Dungeon)

   Str+2:     It affects your strength (+2).
   Dex-2:     It affects your dexterity (-2).
   rPois:     It protects you from poison rCorr: It protects you from acid and
   corrosion.
 Y - a +0 executioner's axe of pain
Missiles
 E - a throwing net {@!f}
 O - 2 silver javelins
Armour
 j - a +2 chain mail of poison resistance (worn)
 l - a +2 pair of gloves (worn)
 J - a +2 pair of boots of rampaging (worn)
 L - a +0 kite shield of reflection (worn)
 M - a +2 hat of willpower (worn)
 T - a +0 kite shield of cold resistance
 X - the +1 cloak of Starlight (worn) {*Dazzle EV+4 Stlth--}
   (You acquired it on level 10 of the Dungeon)

   *Dazzle:   It may blind those who miss an attack against the wearer in melee
   combat.
   EV+4:      It affects your evasion (+4).
   Stlth--:   It makes you much less stealthy.
Jewellery
 b - a +4 ring of protection
 d - a ring of resist corrosion (left hand)
 m - an amulet of reflection (around neck)
 r - a ring of flight
 s - a ring of poison resistance (right hand)
 y - a ring of fire
 F - a ring of protection from fire
 I - a ring of willpower
 N - a ring of willpower
Wands
 w - a wand of flame (7)
 K - a wand of mindburst (14)
 S - a wand of polymorph (5)
Scrolls
 e - 5 scrolls of poison
 f - 3 scrolls of fog
 g - 3 scrolls of blinking
 i - 12 scrolls of identify
 k - 5 scrolls of fear
 q - 2 scrolls of silence
 t - 9 scrolls of teleportation
 v - a scroll of vulnerability
 x - 4 scrolls of immolation
 z - 3 scrolls of revelation
 Q - a scroll of amnesia
 R - 3 scrolls of butterflies
 W - 2 scrolls of torment
Potions
 a - 3 potions of invisibility
 c - 2 potions of ambrosia
 h - a potion of magic
 n - 5 potions of attraction
 p - 5 potions of curing
 u - 2 potions of lignification
 A - 7 potions of haste
 B - 10 potions of brilliance
 C - 3 potions of cancellation
 D - 6 potions of might
 P - 3 potions of heal wounds
 U - 3 potions of enlightenment
 V - 2 potions of resistance
 Z - 4 potions of mutation


   Skills:
 + Level 20.6 Fighting
 - Level 18.0 Axes
 + Level 14.4 Armour
 - Level 2.4 Dodging
 - Level 10.2 Shields
 + Level 18.7 Invocations


You had 16 spell levels left.
You didn't know any spells.
Your spell library contained the following spells:

 Spells                   Type           Power      Damage    Failure   Level
 Apportation              Tloc           0%         N/A       98%         1
 Foxfire                  Conj/Fire      0%         2x1d4     98%         1
 Necrotise                Necr           0%         1d4       98%         1
 Sandblast                Erth           0%         2d4       98%         1
 Slow                     Hex            0%         N/A       98%         1
 Sting                    Tmut/Pois      0%         1d3       98%         1
 Blink                    Tloc           0%         N/A       99%         2
 Ensorcelled Hibernation  Hex/Ice        0%         N/A       99%         2
 Jinxbite                 Hex            0%         N/A       99%         2
 Lesser Beckoning         Tloc           0%         N/A       99%         2
 Poisonous Vapours        Pois/Air       0%         N/A       99%         2
 Static Discharge         Conj/Air       0%         3-3/arc   99%         2
 Sublimation of Blood     Necr           0%         N/A       99%         2
 Call Canine Familiar     Summ           0%         N/A       100%        3
 Confusing Touch          Hex            0%         N/A       100%        3
 Gell's Gravitas          Tloc           0%         N/A       100%        3
 Sigil of Binding         Hex            0%         N/A       100%        3
 Teleport Other           Tloc           0%         N/A       100%        3
 Tukima's Dance           Hex            0%         N/A       100%        3
 Vampiric Draining        Necr           0%         2d6       100%        3
 Airstrike                Air            0%         2d(0-16)  100%        4
 Anguish                  Hex/Necr       0%         N/A       100%        4
 Cause Fear               Hex            0%         N/A       100%        4
 Dimensional Bullseye     Hex/Tloc       0%         N/A       100%        4
 Leda's Liquefaction      Hex/Erth       0%         N/A       100%        4
 Manifold Assault         Tloc           0%         N/A       100%        4
 Olgreb's Toxic Radiance  Pois           0%         N/A       100%        4
 Passage of Golubria      Tloc           0%         N/A       100%        4
 Petrify                  Tmut/Erth      0%         N/A       100%        4
 Sticky Flame             Conj/Fire      0%         2d3       100%        4
 Summon Lightning Spire   Summ/Air       0%         N/A       100%        4
 Agony                    Necr           0%         N/A       100%        5
 Alistair's Intoxication  Tmut/Pois      0%         N/A       100%        5
 Fireball                 Conj/Fire      0%         3d3       100%        5
 Irradiate                Conj/Tmut      0%         3d11      100%        5
 Iskenderun's Battlesphe  Conj           0%         2d6       100%        5
 Summon Forest            Summ/Tloc      0%         N/A       100%        5
 Summon Mana Viper        Hex/Summ       0%         N/A       100%        5
 Yara's Violent Unravell  Hex/Tmut       0%         3d3       100%        5
 Bombard                  Conj/Erth      0%         9d1       100%        6
 Dispersal                Tloc           0%         N/A       100%        6
 Plasma Beam              Fire/Air       0%         2x1d10    100%        6
 Summon Cactus Giant      Summ           0%         N/A       100%        6
 Spellforged Servitor     Conj/Summ      0%         N/A       100%        7
 Dragon's Call            Summ           0%         N/A       100%        9
 Fire Storm               Conj/Fire      0%         5d1       100%        9


Dungeon Overview and Level Annotations

Branches:
Dungeon (15/15)            Temple (0/1) D:7            Lair (5/5) D:9
  Swamp (4/4) Lair:2       Spider (1/4) Lair:2        Slime (0/5) Lair:4
    Orc (2/2) D:12            Elf (0/3) Orc:2        Vaults (0/5) D:13
 Depths (0/4) D:15        Ossuary (visited)          Bailey (visited)

Altars:
Ashenzari
Cheibriados
Dithmenos
Elyvilon
Fedhas
Hepliaklqana
Kikubaaqudgha
Makhleb
Okawaru
Qazlal
Ru
Sif Muna
Trog
Uskayaw
Vehumet
Wu Jian
Yredelemnul
The Shining One
Beogh
Lugonu

Shops:
D:5 !([   D:8 (   Orc:2 =:![*

Annotations:
D:4 2 transporters, AppTheSpectato's ghost, amateur DrAE
D:10 exclusion: door
D:11 2 transporters, Jussyri's ghost, journeyman MfGl
D:12 2 runed translucent doors, exclusion: door
Lair:4 3 runed translucent doors, Vetiehig's ghost, journeyman DsCj
Swamp:4 3 runed translucent doors, miscthings's ghost, journeyman GnAr


Message History

You slice the demonic crawler!! You hit the redback.
The redback looks as sick as possible!
You feel very sick.
The jumping spider leaps!
You block the demonic crawler's attack. x2
The demonic crawler hits you but does no damage.
You block the demonic crawler's attack. x2; The demonic crawler hits you.
Something bites Borgoth but does no damage.
The redback bites you but does no damage.
Borgoth closely misses something.
Your orc wizard gestures at the demonic crawler while chanting.
The demonic crawler easily resists.
Something misses your orc wizard.
You slash the redback!
You kill the redback!
Beogh accepts your kill.
You barely miss the demonic crawler. You slash the demonic crawler!
You feel very sick.
The demonic crawler hits you but does no damage.
The demonic crawler barely misses you. You block the demonic crawler's attack.
The demonic crawler hits you but does no damage.
The demonic crawler hits you.
The demonic crawler completely misses you.
Something bites Borgoth but does no damage.
Borgoth hits something with a +0 halberd.
Your orc wizard hits the demonic crawler but does no damage.
Something bites your orc wizard!!
Your orc wizard dies!
You slash the demonic crawler!
The demonic crawler is poisoned.
The demonic crawler is severely wounded.
You slash the demonic crawler!
The demonic crawler is poisoned.
You slash the emperor scorpion! You slash the pharaoh ant!
You feel very sick.
Something bites Borgoth.
Borgoth looks as sick as possible!
Something poisons Borgoth!
The demonic crawler hits you but does no damage.
The demonic crawler closely misses you. You block the demonic crawler's attack.
You block the pharaoh ant's attack.
The demonic crawler hits you but does no damage. x2
The demonic crawler misses you. The emperor scorpion stings you.
The emperor scorpion claws you. x2
* * * LOW HITPOINT WARNING * * *
Borgoth hits something with a +0 halberd!!
Something bites Borgoth!
Borgoth dies!
You block the demonic crawler's attack. The demonic crawler barely misses you.
You block the demonic crawler's attack.
You are too injured to fight recklessly!
You are too injured to fight recklessly!
Unknown command.
You are too injured to fight recklessly!
You hit the emperor scorpion.
The emperor scorpion is poisoned.
The emperor scorpion is lightly wounded.
You hit the demonic crawler but do no damage.
You completely miss the demonic crawler.
You closely miss the pharaoh ant.
You feel very sick. The pharaoh ant bites you.
* * * LOW HITPOINT WARNING * * *
The demonic crawler hits you!
* * * LOW HITPOINT WARNING * * *
You block the demonic crawler's attack.
The demonic crawler hits you but does no damage.
The emperor scorpion stings you!
* * * LOW HITPOINT WARNING * * *
You block the emperor scorpion's attack.
The emperor scorpion claws you but does no damage.
The demonic crawler hits you but does no damage. x2
The demonic crawler hits you.
* * * LOW HITPOINT WARNING * * *
The pharaoh ant closely misses you. The demonic crawler hits you.
* * * LOW HITPOINT WARNING * * *
The demonic crawler hits you but does no damage.
The demonic crawler misses you.
As you read the scroll of teleportation, it crumbles to dust.
You feel strangely unstable.
You feel very sick.
The demonic crawler is no longer blind.
The jumping spider pounces on you!
* * * LOW HITPOINT WARNING * * *
You block the jumping spider's attack. The pharaoh ant misses you.
The emperor scorpion stings you!
* * * LOW HITPOINT WARNING * * *
You block the emperor scorpion's attack.
The emperor scorpion claws you but does no damage.
You block the demonic crawler's attack.
The demonic crawler hits you but does no damage. x2
The demonic crawler hits you!
* * * LOW HITPOINT WARNING * * *
The demonic crawler hits you but does no damage.
The demonic crawler barely misses you.
You feel better. You block the pharaoh ant's attack.
The demonic crawler hits you!
* * * LOW HITPOINT WARNING * * *
You block the demonic crawler's attack. The demonic crawler barely misses you.
The emperor scorpion stings you!
* * * LOW HITPOINT WARNING * * *
The emperor scorpion claws you but does no damage. x2
The demonic crawler hits you but does no damage.
You block the demonic crawler's attack. The demonic crawler hits you!
You die...

#...*.#.#*,,,**,,*,,*,,,,,~*,****
.........#^...,*,..#*^*,,,,,,*,,*
.......#.#...#.#,..,,.^^,**,*,,,*
#.#.#..#...#....#..*.#..*,*,,,,**
......#......#^#...#....,,*,,*~*
.#.#..#..#.#..........^.*,,,,,~*
.....#.....#...)s#.....#,,,*,,~*
#.#†....#....#.#s#...#,.,*^,,,**
........#..##..#@s.##...,,,,,**
......#.#.....sssB....#,*,,**,**
..#.....#....#....#..#..,,*,^,,*
#.......#....^.#.#s#.#,,*,^,,,**
...##........#..^....#,,^***,,*
..........#......#.#...#,^*,,****
##.#.#.........#......^.,,,,,,*,~
..........#...##.....##.,,,,,,,,,
.....#..#.^#.....#.....,,,,*,,,,,


You could see an emperor scorpion (very poisoned), 2 demonic crawlers, an orb
spider, a culicivora, a pharaoh ant, a jumping spider and a redback.

Vanquished Creatures
  A tentacled monstrosity (Swamp:4)
  A thorn hunter (Swamp:4)
  A ghost moth (Spider:1)
  A ghoul (Swamp:4)
  A broodmother (Spider:1)
  Nessos (Lair:4)
  2 eleionomae
  4 bunyips
  A spark wasp (Spider:1)
  A fire dragon (D:15)
  A shambling mangrove (Swamp:3)
  An ice dragon (D:15)
  Fannar (D:12)
  3 hydras
  8 alligators
  4 centaur warriors
  5 ogre magi
  18 two-headed ogres
  A boulder beetle (D:13)
  4 tengu warriors
  2 orc high priests
  A demonic crawler (Spider:1)
  A death knight (D:10)
  Urug (D:13)
  12 swamp dragons
  5 spriggan druids
  3 bog bodies
  An orb spider (Spider:1)
  A steelbarb worm (Spider:1)
  A lindwurm (Lair:5)
  2 orc knights (Orc:2)
  A deep elf pyromancer (D:11)
  A will-o-the-wisp (Swamp:1)
  A wolf spider (Spider:1)
  A manticore (D:10)
  An orc sorcerer (Orc:2)
  8 ugly things
  4 cyclopes
  A moth of wrath (shapeshifter) (D:10)
  5 elephants
  4 torpor snails
  2 black mambas
  3 molten gargoyles (Lair:5)
  3 cane toads
  An unseen horror (D:10)
  Psyche (D:10)
  A yaktaur (D:12)
  12 komodo dragons
  3 kobold demonologists (D:10)
  6 tyrant leeches
  6 polar bears
  A meliai (D:14)
  10 hornets
  10 trolls
  A dream sheep (Lair:1)
  5 tarantellas (Spider:1)
  4 blink frogs
  2 slime creatures (D:11)
  7 culicivoras (Spider:1)
  5 jumping spiders (Spider:1)
  12 spriggans
  Sigmund (D:5)
  3 shadows (D:10)
  2 wraiths
  A hog (Swamp:3)
  6 wyverns
  34 yaks
  7 basilisks
  2 steam dragons
  15 vampire mosquitoes
  2 wargs (Orc:2)
  18 redbacks
  13 swamp worms
  An acid dragon (D:9)
  2 hell hounds (Lair:5)
  11 water moccasins
  5 black bears
  14 orc warriors
  Duvessa (D:5)
  13 wolves
  4 ice beasts
  12 swamp drakes
  27 ogres
  7 centaurs
  3 kobold brigands
  A necrophage (Swamp:4)
  An elf zombie (Ossuary)
  8 bullfrogs
  A gnoll sergeant (D:6)
  3 scorpions
  9 wights
  Dowan (D:5)
  14 killer bees (D:9)
  3 howler monkeys
  4 electric eels
  4 lava snakes (Lair:5)
  A human zombie (Ossuary)
  2 jellies
  6 orc priests
  A gnoll bouda (D:5)
  6 hounds
  6 iguanas
  10 orc wizards
  4 mummies (Ossuary)
  2 hound zombies (D:4)
  15 gnolls
  2 river rats (D:5)
  11 adders
  A shadow imp (D:6)
  4 white imps
  An ufetubus (D:7)
  3 adder zombies
  3 adder skeletons (D:4)
  3 worms (D:5)
  21 orcs
  11 ball pythons
  5 bats
  3 endoplasms
  3 giant cockroaches
  17 goblins
  10 hobgoblins
  4 jackals
  23 kobolds
  3 quokkas
  3 frilled lizards
  2 gnoll zombies (Ossuary)
  2 goblin zombies (Ossuary)
  3 jackal zombies (Ossuary)
  A kobold zombie (Ossuary)
  8 rats
665 creatures vanquished.

Vanquished Creatures (collateral kills)
  the Lernaean hydra (Swamp:3)
  Gastronok (D:9)
  Kirke (Swamp:3)
  Donald (Swamp:2)
  The ghost of Pooter the Severer, a journeyman MiBe of Trog (Orc:1)
  3 eleionomae
  A bunyip (Swamp:2)
  An entropy weaver (Lair:2)
  2 fire dragons
  An ice dragon (D:13)
  9 hydras
  3 alligators
  An ogre mage (D:13)
  4 boulder beetles
  Erica (D:9)
  A centaur warrior (D:13)
  7 two-headed ogres
  A goliath frog (Swamp:1)
  A skyshark (Lair:1)
  5 skeletal warriors (D:14)
  A bog body (Swamp:3)
  2 spriggan druids
  A lindwurm (Lair:4)
  2 deep elf pyromancers
  An orc sorcerer (Orc:1)
  3 ugly things (D:14)
  A cyclops (D:12)
  2 manticores
  A will-o-the-wisp (Swamp:3)
  3 black mambas
  4 elephants
  A slime creature (D:11)
  4 cane toads
  2 cane toads (shapeshifter)
  A torpor snail (Lair:1)
  A gargoyle (D:11)
  A rime drake (Lair:1)
  A kobold demonologist (Bailey)
  7 komodo dragons
  A tengu conjurer (D:14)
  2 meliai (D:14)
  A troll (Orc:1)
  10 blink frogs
  3 hornets
  3 tyrant leeches
  A tarantella (Lair:2)
  3 dream sheep (Lair:1)
  2 spriggans
  A shadow (D:10)
  A wraith (D:13)
  2 hogs (Swamp:3)
  5 wyverns
  A culicivora (Spider:1)
  Grum (D:10)
  A basilisk (Lair:4)
  40 yaks
  7 vampire mosquitoes
  4 redbacks
  2 hell hounds (Lair:4)
  An acid dragon (D:10)
  A swamp worm (Swamp:2)
  4 water moccasins
  2 orc warriors
  2 ogres (Orc:2)
  2 centaurs (D:13)
  3 wolves
  A kobold brigand (D:10)
  4 bullfrogs
  A howler monkey (D:12)
  4 orc wizards
  2 gnolls (Bailey)
  An ufetubus (D:7)
  8 orcs
  2 goblins (D:8)
  A hobgoblin (Bailey)
  10 kobolds
225 creatures vanquished.

Vanquished Creatures (others)
  3 orc knights
  An orc high priest (Lair:2)
  2 orc sorcerers
  3 bloated husks
  9 orc warriors
  A human (Swamp:4)
  A swamp worm (Swamp:3)
  A lava snake (Lair:5)
  4 orc priests
  7 orc wizards
  29 orcs
  2 goblins (D:3)
  8 foxfires
71 creatures vanquished.

Grand Total: 961 creatures vanquished

Notes
Turn   | Place    | Note
-------+----------+-------------------------------------------
     0 | D:1      | Firecrotchwizard the Hill Orc Monk began the quest for the
                  | Orb.
     0 | D:1      | Reached XP level 1. HP: 19/19 MP: 1/1
    70 | D:1      | Reached XP level 2. HP: 11/27 MP: 2/2
   379 | D:1      | Reached skill level 4 in Fighting
   718 | D:1      | Reached skill level 5 in Axes
   782 | D:1      | Reached XP level 3. HP: 33/33 MP: 3/3
  1043 | D:3      | Became a worshipper of Beogh the Brigand
  1043 | D:3      | Reached * piety under Beogh
  1043 | D:3      | Reached ** piety under Beogh
  1089 | D:3      | Found a snail-covered altar of Cheibriados.
  1647 | D:2      | Found an ancient bone altar of Kikubaaqudgha.
  1659 | D:2      | Reached XP level 4. HP: 41/41 MP: 4/4
  2362 | D:3      | Reached XP level 5. HP: 38/47 MP: 5/5
  2412 | D:3      | Found a burning altar of Makhleb.
  2428 | D:3      | Reached skill level 1 in Invocations
  2515 | D:3      | Found a faded altar of an unknown god.
  2596 | D:3      | Found a broken altar of Ashenzari.
  2835 | D:4      | Noticed AppTheSpectato's ghost (amateur DrAE)
  2838 | D:4      | Found a transporter.
  2867 | D:4      | Reached skill level 5 in Fighting
  3122 | D:4      | Found a transporter.
  3199 | D:4      | Found a sand-covered staircase.
  3220 | Ossuary  | Entered an ossuary
  3225 | Ossuary  | Reached *** piety under Beogh
  3233 | Ossuary  | Reached XP level 6. HP: 52/56 MP: 7/7
  3694 | D:4      | Noticed a steam dragon
  3699 | D:4      | Killed a steam dragon
  3700 | D:4      | Reached XP level 7. HP: 61/62 MP: 2/9
  3781 | D:4      | Reached skill level 6 in Fighting
  3915 | D:5      | Identified the "Typiulie"
  3915 | D:5      | Identified the "Pann"
  3915 | D:5      | Entered Level 5 of the Dungeon
  3916 | D:5      | Noticed Sigmund
  3918 | D:5      | Killed Sigmund
  4059 | D:5      | Reached XP level 8. HP: 17/71 MP: 8/11
  4397 | D:5      | Reached skill level 5 in Invocations
  4544 | D:5      | Found Powiwei's Distillery.
  4555 | D:5      | Bought a potion of curing for 42 gold pieces
  4574 | D:5      | Found a bloodstained altar of Trog.
  4574 | D:5      | Noticed Duvessa
  4600 | D:5      | Killed Duvessa
  4601 | D:5      | Reached skill level 7 in Fighting
  4601 | D:5      | Reached skill level 10 in Axes
  5052 | D:5      | Found a shimmering blue altar of Sif Muna.
  5052 | D:5      | Noticed Dowan
  5054 | D:5      | Killed Dowan
  5679 | D:5      | Reached skill level 8 in Fighting
  5706 | D:5      | Found Falick's Weapon Boutique.
  5719 | D:5      | Found Givvenyt's Armour Boutique.
  5723 | D:5      | Bought a +1 pair of boots of rampaging for 181 gold pieces
  5815 | D:5      | Found a hide-covered altar of Uskayaw.
  5822 | D:5      | Reached XP level 9. HP: 67/81 MP: 14/14
  6035 | D:6      | Found a basalt altar of Yredelemnul.
  6568 | D:6      | Identified 2 scrolls of acquirement
  7011 | D:6      | Reached skill level 9 in Fighting
  7340 | D:6      | Found a hazy altar of Hepliaklqana.
  7553 | D:7      | Reached **** piety under Beogh
  7655 | D:7      | Found a radiant altar of Vehumet.
  7753 | D:7      | Identified the ring of Recklessness {Fire *Corrode Fly
                  | Int+3 Dex+5}
  7781 | D:7      | Found a staircase to the Ecumenical Temple.
  8030 | D:7      | Identified the +5 whip "Zisikih" {vamp, rPois rCorr Str+2
                  | Dex-2}
  8210 | D:7      | Found a white marble altar of Elyvilon.
  8363 | D:8      | Reached skill level 1 in Armour
  8626 | D:8      | Found Ihuki's Weapon Emporium.
  8751 | D:8      | Reached XP level 10. HP: 92/92 MP: 16/16
  8798 | D:8      | Found a flagged portal.
  8817 | Bailey   | Entered a bailey
  9114 | Bailey   | Noticed an orc high priest
  9653 | Bailey   | Found an iron altar of Okawaru.
  9653 | Bailey   | Noticed a kobold demonologist
  9659 | Bailey   | Reached skill level 10 in Fighting
  9659 | Bailey   | Killed a kobold demonologist
  9872 | D:8      | Found a shadowy altar of Dithmenos.
  9934 | D:8      | Found an ornate altar of the Wu Jian Council.
 10426 | D:9      | Noticed a centaur warrior
 10431 | D:9      | Killed a centaur warrior
 10432 | D:9      | Reached skill level 10 in Invocations
 10443 | D:9      | Paralysed by a hornet for 2 turns
 10622 | D:9      | Noticed a two-headed ogre
 10626 | D:9      | Killed a two-headed ogre
 10627 | D:9      | Reached skill level 11 in Fighting
 10627 | D:9      | Reached skill level 5 in Armour
 10627 | D:9      | Reached XP level 11. HP: 74/102 MP: 8/19
 11272 | D:9      | Found a staircase to the Lair.
 11280 | D:9      | Found an iron altar of Okawaru.
 11284 | D:9      | Noticed a two-headed ogre
 11296 | D:9      | Killed a two-headed ogre
 11636 | D:10     | Entered Level 10 of the Dungeon
 11932 | D:10     | Acquired the +1 cloak of Starlight {*Dazzle EV+4 Stlth--}
 11932 | D:10     | Found the +1 cloak of Starlight {*Dazzle EV+4 Stlth--}
 11939 | D:10     | Acquired a +0 executioner's axe of pain
 11941 | D:10     | Acquired 832 gold pieces
 12091 | D:10     | Found a corrupted altar of Lugonu.
 12237 | D:10     | Found a sacrificial altar of Ru.
 12379 | D:10     | Noticed a manticore
 12380 | D:10     | Noticed a lindwurm
 12411 | D:10     | Noticed a moth of wrath
 12418 | D:10     | Killed a moth of wrath
 12465 | D:10     | Killed a manticore
 12675 | D:10     | Found a stormy altar of Qazlal.
 12689 | D:10     | Noticed Psyche
 12700 | D:10     | Killed Psyche
 12701 | D:10     | Reached skill level 12 in Fighting
 12710 | D:10     | Found a blossoming altar of Fedhas.
 12740 | D:10     | Noticed a death knight
 12743 | D:10     | Killed a death knight
 12807 | D:10     | Identified the +7 long sword of Hisia {heavy, rN+}
 12872 | D:10     | Noticed a two-headed ogre
 12881 | D:10     | Killed a two-headed ogre
 13067 | D:11     | Noticed Grum
 13098 | D:10     | Killed Grum
 13188 | D:11     | Noticed a cyclops
 13203 | D:10     | Killed a cyclops
 13204 | D:10     | Reached XP level 12. HP: 112/113 MP: 21/21
 13306 | D:11     | Noticed a boulder beetle
 13351 | D:10     | Killed a boulder beetle
 13564 | D:11     | Noticed a two-headed ogre
 13564 | D:11     | Noticed Jussyri's ghost (journeyman MfGl)
 13565 | D:11     | Noticed a tengu warrior
 13574 | D:11     | Found a transporter.
 13583 | D:11     | Found a bloodstained altar of Trog.
 13614 | D:11     | Reached skill level 15 in Axes
 13697 | D:11     | Found a transporter.
 14371 | D:12     | Noticed a fire dragon
 14386 | D:12     | Noticed a boulder beetle
 14390 | D:11     | Killed a fire dragon
 14444 | D:11     | Killed a boulder beetle
 14624 | Gauntlet | Identified the "Jutou"
 14624 | Lair:1   | Entered Level 1 of the Lair of Beasts
 14662 | Lair:1   | Noticed Gastronok
 14672 | D:9      | Killed Gastronok
 14673 | D:9      | Reached skill level 13 in Fighting
 15107 | D:9      | Gained Urtork as an ally
 15539 | Lair:1   | Noticed Erica
 15600 | D:9      | Killed Erica
 16325 | Lair:2   | Noticed a seven-headed hydra
 16368 | Lair:1   | Killed a nine-headed hydra
 16898 | Lair:2   | Reached XP level 13. HP: 99/123 MP: 23/23
 17234 | Lair:1   | Gained Boldo as an ally
 17625 | Lair:1   | Reached skill level 14 in Fighting
 17695 | Lair:2   | Found a staircase to the Swamp.
 17744 | Lair:1   | Gained Arbolt as an ally
 17768 | Lair:1   | Reached ***** piety under Beogh
 18055 | Lair:2   | Found a hole to the Spider Nest.
 18136 | Lair:2   | Reached skill level 10 in Armour
 18368 | IceCv    | Identified the "Umai"
 18858 | Lair:3   | Found a frozen archway.
 20216 | Lair:4   | Reached skill level 15 in Invocations
 20955 | Lair:4   | Found a runed translucent gate.
 20956 | Lair:4   | Found a runed translucent gate.
 20957 | Lair:4   | Found a runed translucent gate.
 20957 | Lair:4   | Noticed a minotaur
 20966 | Lair:4   | Noticed Vetiehig's ghost (journeyman DsCj)
 21318 | Lair:3   | Reached skill level 15 in Fighting
 21329 | Lair:3   | Reached XP level 14. HP: 126/135 MP: 25/25
 22126 | Lair:4   | Found a staircase to the Slime Pits.
 22289 | Lair:4   | Noticed Nessos
 22297 | Lair:4   | Killed Nessos
 22298 | Lair:4   | Reached skill level 1 in Shields
 22721 | Lair:5   | Entered Level 5 of the Lair of Beasts
 23824 | Lair:4   | Gained Morguth as an ally
 24764 | Lair:5   | Found a large runed translucent door.
 24764 | Lair:5   | Found a large runed translucent door.
 25126 | Lair:5   | Reached skill level 16 in Fighting
 25845 | D:12     | Found a staircase to the Orcish Mines.
 25852 | D:12     | Found a roughly hewn altar of Beogh.
 25990 | D:12     | Found a runed translucent door.
 25993 | D:12     | Noticed a stone giant
 25993 | D:12     | Noticed a fire giant
 25997 | D:12     | Found a runed translucent door.
 26035 | D:12     | Reached skill level 5 in Shields
 26037 | D:12     | Found a basalt altar of Yredelemnul.
 27386 | D:13     | Found a gate leading to a gauntlet.
 27535 | D:13     | Noticed Urug
 27585 | D:13     | Killed Urug
 27842 | D:13     | Found a gate to the Vaults.
 28089 | D:13     | Reached skill level 17 in Fighting
 28742 | D:14     | Reached XP level 15. HP: 140/144 MP: 26/26
 29007 | D:14     | Found a shimmering blue altar of Sif Muna.
 29105 | D:14     | Found a glowing golden altar of the Shining One.
 29475 | D:15     | Entered Level 15 of the Dungeon
 29879 | D:14     | Reached skill level 18 in Fighting
 29948 | D:15     | Found a broken altar of Ashenzari.
 30569 | D:15     | Found a staircase to the Depths.
 31023 | Swamp:1  | Entered Level 1 of the Swamp
 31192 | Swamp:1  | Reached skill level 10 in Shields
 32998 | Swamp:2  | Reached ****** piety under Beogh
 33330 | Swamp:2  | Gained Bogrim as an ally
 33462 | Swamp:3  | Noticed Donald
 33470 | Swamp:2  | Killed Donald
 33816 | Swamp:3  | Reached XP level 16. HP: 138/159 MP: 28/28
 34150 | Swamp:4  | Entered Level 4 of the Swamp
 34158 | Swamp:4  | Noticed Kirke
 34165 | Swamp:3  | Reached skill level 19 in Fighting
 34249 | Swamp:3  | Killed Kirke
 34702 | Swamp:4  | Noticed a tentacled monstrosity
 34715 | Swamp:4  | Killed a tentacled monstrosity
 34947 | Swamp:4  | Found a runed translucent gate.
 34947 | Swamp:4  | Found a runed translucent gate.
 34947 | Swamp:4  | Found a runed translucent gate.
 34947 | Swamp:4  | Noticed miscthings's ghost (journeyman GnAr)
 35511 | Swamp:4  | Noticed a thorn hunter
 35515 | Swamp:4  | Killed a thorn hunter
 36273 | Swamp:4  | Noticed the 27-headed Lernaean hydra
 36522 | Swamp:3  | Killed the 25-headed Lernaean hydra
 37096 | Swamp:4  | Got a decaying rune of Zot
 37380 | Orc:1    | Entered Level 1 of the Orcish Mines
 37380 | Orc:1    | Noticed Fannar
 37407 | D:12     | Killed Fannar
 37514 | Orc:2    | Entered Level 2 of the Orcish Mines
 37514 | Orc:2    | Found Riysa's Assorted Antiques.
 37527 | Orc:2    | Gained Garbold as an ally
 37545 | Orc:2    | Bought a potion of curing for 78 gold pieces
 37623 | Orc:2    | Found a staircase to the Elven Halls.
 37666 | Orc:2    | Gained Margrim as an ally
 37676 | Orc:2    | Reached skill level 20 in Fighting
 37681 | Orc:2    | Your ally Garbold died
 37683 | Orc:2    | Gained Alork as an ally
 37691 | Orc:2    | Found Lohecve's Jewellery Boutique.
 37691 | Orc:2    | Found Qeshrode's Distillery.
 37693 | Orc:2    | Found Ijyefa's Book Emporium.
 37693 | Orc:2    | Found Fisy's Antique Armour Shop.
 37801 | Orc:2    | Bought a potion of heal wounds for 70 gold pieces
 37801 | Orc:2    | Bought a potion of haste for 140 gold pieces
 37801 | Orc:2    | Bought a potion of curing for 42 gold pieces
 37801 | Orc:2    | Bought a potion of curing for 42 gold pieces
 37993 | Orc:2    | Reached XP level 17. HP: 170/170 MP: 30/30
 38184 | Orc:1    | Found a roughly hewn altar of Beogh.
 38362 | Orc:1    | Found a runed translucent door.
 38364 | Orc:1    | Noticed Pooter's ghost (journeyman MiBe)
 38367 | Orc:1    | Gained Judas as an ally
 38506 | Orc:1    | Killed Pooter's ghost
 38759 | Spider:1 | Entered Level 1 of the Spider Nest
 39046 | Spider:1 | Gained Borgoth as an ally
 39396 | Spider:1 | Gained Harm as an ally
 39399 | Spider:1 | Your ally Harm died
 39409 | Spider:1 | Your ally Borgoth died
 39412 | Spider:1 | HP: 1/172 [emperor scorpion (8)]
 39412 | Spider:1 | Mangled by a demonic crawler

Illustrated notes

Levels and vault maps discovered:
D:1:      scummos_arrival_forest, layout_loops_corners, serial_rivers,
          chequers_serial_rivers_large_a, chequers_serial_rivers_room_b,
          chequers_serial_rivers_room_a, chequers_serial_rivers_small_a,
          minmay_indecisive_spiral
D:2:      layout_basic, basic_altar
D:3:      layout_basic, mainiacjoe_overflow_paths, lemuel_tele_altar,
          overflow_temple_1_default, basic_ecumenical_altar
D:4:      layout_loops_ring, gammafunk_ghost_arena,
          mainiacjoe_ossuary_entry_find_the_door,
          nicolae_concentric_dashed_squares_mild,
          corexii_item_surrounded_by_moat
D:5:      minmay_general_purpose_star, layout_basic,
          nzn_overflow_gifts_of_might_and_magic,
          mainiacjoe_overflow_concentric_impassable, serial_shops,
          nicolae_shop_pleasant_corner_grove, shop, kennysheep_mini_moat,
          lightli_sewer_entry_pipes, nrook_mini_backslash, st_stairs_2,
          dreamdust_mushroom_princess, uniq_sigmund
D:6:      layout_cave_pods, mainiacjoe_overflow_cross_hatched,
          marbit_many_paths, minmay_misc_feat_columns, amcnicky_mini_pool_small,
          minmay_a_box_with_orc_wizards_in_it
D:7:      layout_basic, kennysheep_little_box, lemuel_doored_altar,
          lemuel_temple_firewalk_b, minmay_unpleasant_kobolds
D:8:      layout_rooms, lemuel_round_altar, nicolae_wu_jian_immortal_techniques,
          serial_shops, shop_statue, lightli_bailey_entry_fortress
D:9:      minmay_ornate_pinched, layout_gridville, okawaru_ov_weapons_minmay,
          lair_entry_dummy
D:10:     kennysheep_kobold_lugonu_temple, layout_irregular_city,
          nicolae_ru_sacrificial_ziggurat, mainiacjoe_overflow_alcove_4,
          fedhas_altar_2, grunt_tough_drop, uniq_psyche
D:11:     layout_rooms, gammafunk_ghost_wrathful_warriors, uniq_grum
D:12:     minmay_expanding_circles, layout_stronghold,
          minmay_orc_entry_temple_small, minmay_ruined_shrine
D:13:     layout_loops_corners, david_vaults_2, gauntlet_entry_generic,
          uniq_urug
D:14:     layout_loops_ring, tso_altar, tgw_sif
D:15:     grunt_enter_depths_hoard, layout_cross, evilmike_ruin_ashenzari
Lair:1:   layout_chaotic_city, gammafunk_lair_bear_cave, serial_bayou_shore_b,
          uniq_erica, uniq_gastronok
Lair:2:   layout_regular_city, mainiacjoe_swamp_entry_angry_trees,
          spider_nest_entry_a, serial_bayou_pond_c, grunt_megastairs_2
Lair:3:   layout_long_grid, portal_ice_cave_entry_pillars_1, forest_entry_grove
Lair:4:   layout_layer_cave, slime_entry_1, maelrawn_ghost_gauntlet_escape,
          beast_lair_carwin_1, grunt_megastairs_4, uniq_nessos
Lair:5:   cheibrodos_lair_end_hotspot, layout_cellular_growth
Swamp:1:  layout_basic_swamp, evilmike_swamp_ruin_rubble_2
Swamp:2:  layout_falls_marsh, hangedman_swamp_lotus, swamp_pool_1_2
Swamp:3:  layout_falls_marsh, evilmike_swamp_ruin_house_5, swamp_pool_5,
          nicolae_swamp_decorative_isthmus, uniq_donald
Swamp:4:  swamp_old_school, layout_basic_swamp, gammafunk_ghost_necromancy,
          infiniplex_staircase_pool, uniq_kirke
Spider:1: layout_spider_delve
Orc:1:    layout_caves, basic_altar, ebering_ghost_inner_flame, uniq_fannar
Orc:2:    st_orc_ogre_mass, layout_caves, serial_shops,
          nicolae_shop_gibbet_a_chance

Skill      XL: |  1  2  3  4  5  6  7  8  9 10 11 12 13 14 15 16 17 |
---------------+----------------------------------------------------+-----
Fighting       | 4 5 6 8 9 11 12 13 15 17 18 20 | 20.6
Axes           | 5 6 7 8 9 10 12 13 14 16 17 18 | 18.0
Invocations    | 2 3 4 6 9 10 12 13 15 16 18 | 18.7
Armour         | 1 5 7 9 11 12 13 14 | 14.4
Shields        | 7 10 | 10.2
Dodging        | |  2.4

Action                     |  1- 3 |  4- 6 |  7- 9 | 10-12 | 13-15 | 16-18 || total
---------------------------+-------+-------+-------+-------+-------+-------++-------
  Melee: Hand axe          |   101 |       |       |       |       |       ||   101
         Flail             |    24 |   134 |    55 |       |       |       ||   213
         Dagger            |       |    23 |   235 |       |       |       ||   258
         War axe           |       |       |    79 |   484 |  1002 |       ||  1565
         Unarmed           |       |       |       |       |    23 |     2 ||    25
         Whip              |       |       |       |       |     5 |       ||     5
         Broad axe         |       |       |       |       |   169 |   476 ||   645
 Invoke: Convert to Beogh  |     1 |       |       |       |       |       ||     1
         Smiting           |       |     2 |     5 |    18 |    13 |     6 ||    44
         Recall Orcish Fol |       |       |       |     4 |    20 |     6 ||    30
         Give Item to Name |       |       |       |       |     1 |       ||     1
  Evoke: Wand              |       |       |       |     3 |       |       ||     3
    Use: Scroll            |       |       |    10 |    13 |    18 |     5 ||    46
         Potion            |       |       |     2 |     1 |     5 |     1 ||     9
   Stab: Paralysed         |       |       |       |     6 |     4 |     1 ||    11
         Distracted        |       |       |       |    10 |     9 |     2 ||    21
         Invisible         |       |       |       |     2 |    31 |     5 ||    38
         Confused          |       |       |       |     1 |       |     1 ||     2
 Armour: Robe              |    63 |       |       |       |       |       ||    63
         Ring mail         |     7 |    58 |       |       |       |       ||    65
         Chain mail        |       |   199 |   301 |   323 |    19 |   556 ||  1398
         Plate armour      |       |       |       |   157 |  1194 |       ||  1351
         Skin              |       |       |       |       |       |     1 ||     1
  Dodge: Dodged            |    66 |   134 |   123 |   368 |   718 |   254 ||  1663
  Block: Kite shield       |       |       |       |    56 |   819 |   477 ||  1352
         Reflection        |       |       |       |       |    11 |     4 ||    15

Table legend: (Time is in decaauts)
 A = Elapsed time spent in this place.
 B = Non-inter-level travel time spent in this place.
 C = Inter-level travel time spent in this place.
 D = Time resting spent in this place.
 E = Time spent auto-exploring this place.
 F = Levels seen in this place.
 G = Mean time per level.
                   A        B        C        D        E       F      G
               +--------+--------+--------+--------+--------+-----+--------+
         Total |  39356 |  36260 |   3096 |   8110 |  20427 |  29 | 1357.1 |
       Dungeon |  19523 |  17353 |   2170 |   2975 |  10896 |  15 | 1301.5 |
          Lair |  11076 |  10389 |    687 |   2437 |   5778 |   5 | 2215.2 |
         Swamp |   5750 |   5596 |    154 |   1948 |   2404 |   4 | 1437.5 |
   Spider Nest |    620 |    620 |      0 |    131 |    313 |   1 |  620.0 |
  Orcish Mines |   1123 |   1039 |     84 |      0 |    810 |   2 |  561.5 |
       Ossuary |    320 |    320 |      0 |     67 |    148 |   1 |  320.0 |
        Bailey |    942 |    942 |      0 |    552 |     78 |   1 |  942.0 |
               +--------+--------+--------+--------+--------+-----+--------+

Top non-repeatable levels by time:
  Lair:5: 2442 daAuts
 Swamp:4: 2309 daAuts
  Lair:4: 2282 daAuts
  Lair:2: 2251 daAuts
     D:5: 2182 daAuts
  Lair:3: 2155 daAuts
     D:9: 2085 daAuts
  Lair:1: 1944 daAuts
    D:10: 1815 daAuts
    D:12: 1537 daAuts
     D:6: 1490 daAuts
    D:13: 1403 daAuts
    D:14: 1380 daAuts
 Swamp:3: 1309 daAuts
 Swamp:1: 1305 daAuts
